 Dungeon Crawl Stone Soup version 0.28.0-47-ge53b351184 (webtiles) character file.

Game seed: 7669383083312329261

84 Iusername the Skirmisher (level 4, -1/41 HPs)
             Began as a Minotaur Fighter on May 6, 2022.
             Slain by a sky beast (5 damage)
             ... on level 3 of the Dungeon.
             The game lasted 00:02:11 (2014 turns).

Iusername the Skirmisher (Minotaur Fighter)         Turns: 2014, Time: 00:02:11

Health: -1/41      AC:  7    Str: 23    XL:     4   Next: 23%
Magic:  3/3        EV:  9    Int:  5    God:
Gold:   69         SH:  4    Dex:  9    Spells: 3/3 levels left

rFire   . . .      SeeInvis .   a - +0 flail
rCold   . . .      Faith    .   c - +0 buckler
rNeg    . . .      Spirit   .   b - +0 scale mail
rPois   .          Reflect  .   (helmet restricted)
rElec   .          Harm     .   (no cloak)
rCorr   .          Rampage  .   (no gloves)
Will    .....                   (no boots)
Stlth   ..........              (no amulet)
HPRegen 0.13/turn               (no ring)
MPRegen 0.08/turn               (no ring)

@: mighty
A: horns 2, retaliatory headbutt
a: no special abilities


You were on level 3 of the Dungeon.
You visited 1 branch of the dungeon, and saw 3 of its levels.

You collected 69 gold pieces.

Inventory:

Hand Weapons
 a - a +0 flail (weapon)
Armour
 b - a +0 scale mail (worn)
 c - a +0 buckler (worn)
Wands
 f - a wand of flame (19)
Scrolls
 e - a scroll of enchant armour {unknown}
 h - a scroll of fear {unknown}
 i - 2 scrolls of identify {unknown}
Potions
 g - 2 potions of haste {unknown}


   Skills:
 + Level 4.4 Fighting
 + Level 3.5 Maces & Flails
 + Level 4.3 Armour
 + Level 4.3 Shields


You had 3 spell levels left.
You didn't know any spells.
Your spell library was empty.

Dungeon Overview and Level Annotations

Branches:
Dungeon (3/15)

Altars:


Innate Abilities, Weirdness & Mutations

You have a pair of horns on your head.
You reflexively headbutt those who attack you in melee.


Message History

The hobgoblin is moderately wounded.
You block the endoplasm's attack. The hobgoblin hits you.
The endoplasm closely misses you. You furiously retaliate!
You headbutt the endoplasm. You closely miss the hobgoblin.
The hobgoblin is moderately wounded.
You block the hobgoblin's attack. The sky beast hits you.
The sky beast shocks you. The endoplasm freezes you.
You are frozen.
The hobgoblin barely misses you.
You feel very mighty all of a sudden.
The sky beast hits you but does no damage.
The endoplasm freezes you.
You are frozen.
The hobgoblin hits you but does no damage.
You closely miss the sky beast. The sky beast hits you.
The sky beast shocks you. The endoplasm freezes you.
You are frozen.
The hobgoblin hits you but does no damage.
The sky beast hits you. The sky beast shocks you.
* * * LOW HITPOINT WARNING * * *
You hit the sky beast.
The sky beast is lightly wounded.
The endoplasm hits you but does no damage.
The hobgoblin hits you but does no damage.
The sky beast hits you.
* * * LOW HITPOINT WARNING * * *
The sky beast shocks you.
* * * LOW HITPOINT WARNING * * *
You completely miss the sky beast.
The sky beast is lightly wounded.
The endoplasm hits you but does no damage.
The hobgoblin hits you but does no damage.
The sky beast flickers out of sight!
Deactivating autopickup; reactivate with Ctrl-A.
Something hits you.
* * * LOW HITPOINT WARNING * * *
Something shocks you.
You die...

##....# #
..#... . #.
....### .++
##.###.....
...#
..........##..
#.#........#
#.....{J..#
#....g@..#
##...<...#
##....##.#
#..#### ..
#... .# ..## #
#. #


You could see an endoplasm and a hobgoblin.

Vanquished Creatures
  Jessica (D:2)
  4 dart slugs
  4 ball pythons
  5 endoplasms
  2 giant cockroaches
  6 goblins
  7 hobgoblins
  2 jackals (D:1)
  2 quokkas
  4 frilled lizards
  4 kobolds
  4 rats
45 creatures vanquished.

Vanquished Creatures (others)
  5 plants (D:1)
5 creatures vanquished.

Grand Total: 50 creatures vanquished

Notes
Turn   | Place    | Note
-------+----------+-------------------------------------------
     0 | D:1      | Iusername the Minotaur Fighter began the quest for the Orb.
     0 | D:1      | Reached XP level 1. HP: 19/19 MP: 0/0
    78 | D:1      | Reached XP level 2. HP: 27/27 MP: 1/1
   869 | D:1      | Reached XP level 3. HP: 32/33 MP: 2/2
  1287 | D:2      | Noticed Jessica
  1299 | D:2      | Killed Jessica
  1363 | D:2      | Reached XP level 4. HP: 32/41 MP: 3/3
  2004 | D:3      | Noticed a sky beast
  2014 | D:3      | Slain by a sky beast

Illustrated notes

Levels and vault maps discovered:
D:1:      kennysheep_arrival_seaside, layout_loops_ring, serial_forest,
          infiniplex_forest_clump_small, infiniplex_forest_zigzag_1,
          infiniplex_forest_zigzag_1, infiniplex_forest_straight_4,
          infiniplex_forest_end_3, infiniplex_forest_clump_C,
          infiniplex_forest_clump_medium, infiniplex_forest_clump_cross,
          infiniplex_forest_zigzag_1
D:2:      layout_loops_ring, uniq_jessica
D:3:      layout_loops_ring, mainiacjoe_overflow_catwalk,
          gammafunk_ghost_stat_death, serial_shops, shop,
          kennysheep_minor_cross, grunt_decor_arrowhead

Skill      XL: |  1  2 |
---------------+-------+-----
Armour         | 4 |  4.3
Fighting       | 4 |  4.4
Shields        | 4 |  4.3
Maces & Flails | 3 |  3.5

Action                   |  1- 3 |  4- 6 || total
-------------------------+-------+-------++-------
Melee: Flail             |    85 |    28 ||   113
       Headbutt          |    18 |     4 ||    22
  Use: Potion            |       |     1 ||     1
Armor: Scale mail        |    31 |    14 ||    45
Dodge: Dodged            |    24 |    10 ||    34
Block: Buckler           |    12 |     4 ||    16
